 Dungeon Crawl Stone Soup version 0.26-a0-1205-g4083c211ab (webtiles) character file.

Game seed: 12752706098562254704

5 Goblin1989 the Sneak (level 1, 0/18 HPs)
             Began as a Demonspawn Delver on Dec 29, 2020.
             Slain by a jackal (3 damage)
             ... on level 3 of the Dungeon on Dec 30, 2020.
             The game lasted 00:02:28 (270 turns).

Goblin1989 the Sneak (Demonspawn Delver)             Turns: 270, Time: 00:02:29

Health: 0/18       AC:  3    Str: 12    XL:     1   Next: 66%
Magic:  1/1        EV: 12    Int: 11    God:
Gold:   11         SH:  0    Dex: 14    Spells: 0/0 levels left

rFire    . . .     SeeInvis .   a - +0 hand axe
rCold    . . .     Faith    .   (no shield)
rNeg     . . .     Spirit   .   b - +0 leather armour
rPois    .         Reflect  .   (no helmet)
rElec    .         Harm     .   (no cloak)
rCorr    .         Rampage  .   (no gloves)
Will     .....                  (no boots)
Stlth    ++........             (no amulet)
HPRegen  0.06/turn              (no ring)
MPRegen  0.07/turn              (no ring)

@: lethally poisoned (0 -> -20)
A: no striking features
a: no special abilities


You were on level 3 of the Dungeon.
You visited 1 branch of the dungeon, and saw 3 of its levels.

You collected 11 gold pieces.

Inventory:

Hand Weapons
 a - a +0 hand axe (weapon)
 N - a cursed -1 flail
Missiles
 P - 27 stones (quivered) {@Q3}
Armour
 b - a +0 leather armour (worn)
 Q - a +0 plate armour
Wands
 g - a wand of digging (3) {@v1}
Scrolls
 c - a scroll of fog
 e - a scroll of fear
 M - a scroll of magic mapping
 O - a scroll of identify {unknown}
Potions
 f - a potion of haste {@q3,}


   Skills:
 + Level 3.1 Fighting
 * Level 2.0 Axes
 + Level 1.9 Dodging
 - Level 4.5 Stealth


You couldn't memorise any spells.
You didn't know any spells.
Your spell library was empty.

Dungeon Overview and Level Annotations

Branches:
Dungeon (5/15)
 Temple: D:4-7

Altars:


Message History

Saving game... please wait.
You become an orb of ice!
Welcome back, Goblin1989 the Demonspawn Delver.
Press ? for a list of commands and other information.
Found 11 gold pieces.
Found 17 gold pieces.
Found a stone staircase leading up.
An orc comes into view.
You see here 11 gold pieces.
You now have 11 gold pieces.
You barely miss the orc. The orc closely misses you.
You hit the orc.
The orc is moderately wounded.
The orc barely misses you.
You slash the orc!
You kill the orc!
There is a stone staircase leading up here.
You climb upwards.
There is a stone staircase leading down here.
You open the door.
There is an open door here.
Found 27 stones.
You see here 27 stones {@Q3}.
P - 27 stones {@Q3} You open the door.
There is an open door here.
A worker ant comes into view.
Found a stone staircase leading down.
Found a plate armour.
An orc comes into view. It is wielding a +0 flail.
The orc shouts!
There is a stone staircase leading down here.
You barely miss the orc. The orc hits you with a +0 flail.
You take 1 damage, and have 17/18 hp.
You slash the orc!
You kill the orc!
Your Axes skill increases to level 2!
Health restored: 18 Unknown command.
Things that are here:
a +0 flail; an orc corpse You see here a plate armour.
Q - a plate armour
Found a stone staircase leading up.
There is a stone staircase leading up here.
You climb upwards. 3 jackals come into view.
Found a sapphire potion.
There is a stone staircase leading down here.
The jackal barks! x2
Found a stone staircase leading up.
You open the door.
Found 16 gold pieces.
Found 2 inky potions.
There is an open door here.
The jackal misses you. The jackal barely misses you.
You closely miss the jackal. The jackal bites you. x2
You take 4 damage, and have 14/18 hp.
MASSIVE DAMAGE!!
You hit the jackal but do no damage. The jackal barely misses you.
The jackal bites you.
You take 3 damage, and have 11/18 hp.
You hit the jackal.
The jackal is almost dead.
The jackal closely misses you.
A kobold comes into view.
It is wielding a +0 short sword and quivering 8 poisoned darts.
You closely miss the jackal.
The jackal is almost dead.
The kobold shouts!
The jackal closely misses you.
The jackal bites you but does no damage.
The kobold throws a poisoned dart.
The poisoned dart closely misses you.
The jackal barks!
You hit the jackal.
You kill the jackal!
The kobold throws a poisoned dart.
The poisoned dart hits you!
You are poisoned.
The jackal barely misses you.
You hit the jackal.
The jackal is moderately wounded.
You feel sick.
The kobold throws a poisoned dart.
The poisoned dart hits you!
You are lethally poisoned!
The jackal misses you.
You take 1 damage, and have 11/18 hp.
You feel sick.
The kobold throws a poisoned dart.
The poisoned dart hits you!
You are more poisoned.
You see here a poisoned dart.
You take 1 damage, and have 10/18 hp.
* * * LOW HITPOINT WARNING * * *
You feel sick.
The kobold hits you with a +0 short sword.
* * * LOW HITPOINT WARNING * * *
The jackal barely misses you.
You take 5 damage, and have 5/18 hp.
MASSIVE DAMAGE!!
You closely miss the kobold. You miss the jackal.
* * * LOW HITPOINT WARNING * * *
You feel sick. The kobold closely misses you. The jackal closely misses you.
A giant cockroach comes into view.
The jackal bites you.
You die...

█. .█ ███ ..█
.██.. █. █.█
.... .. █.█
... █. █.█ ..
█.██.█ .█
█..█.█████K█
█.█...hh@.█
████B..█████.█
█$.....h.█ .█
█........█ ..
█........█ .██
█........█ .█
█....h...█ ██
███████∆███
█.......████


You could see 2 jackals, a giant cockroach (wandering) and a kobold.

Vanquished Creatures
  2 orcs
  A jackal (D:3)
3 creatures vanquished.

Notes
Turn   | Place    | Note
-------+----------+-------------------------------------------
     0 | D:5      | Goblin1989 the Demonspawn Delver began the quest for the
                  | Orb.
     0 | D:5      | Reached XP level 1. HP: 18/18 MP: 1/1
   119 | D:4      | Noticed a worker ant
   270 | D:3      | Slain by a jackal

Illustrated notes

Levels and vault maps discovered:
D:3:      layout_basic, kennysheep_generic_room_3
D:4:      layout_basic
D:5:      layout_basic, minmay_manual_mail

Skill      XL: |  1 |
---------------+----+-----
Axes           | 2 |  2.0
Fighting       | |  3.1
Dodging        | |  1.9
Stealth        | |  4.5

Action                   || total
-------------------------++-------
Melee: Hand axe          ||    12
Armor: Leather armour    ||     1
Dodge: Dodged            ||    13

Table legend: (Time is in decaauts)
 A = Elapsed time spent in this place.
 B = Non-inter-level travel time spent in this place.
 C = Inter-level travel time spent in this place.
 D = Time resting spent in this place.
 E = Time spent auto-exploring this place.
 F = Levels seen in this place.
 G = Mean time per level.
                   A        B        C        D        E       F      G
               +--------+--------+--------+--------+--------+-----+--------+
         Total |    271 |    271 |      0 |      0 |      0 |   3 |   90.3 |
       Dungeon |    271 |    271 |      0 |      0 |      0 |   3 |   90.3 |
               +--------+--------+--------+--------+--------+-----+--------+

Top non-repeatable levels by time:
     D:4: 203 daAuts
     D:5: 46 daAuts
     D:3: 21 daAuts
